 Dungeon Crawl Stone Soup version 0.30.1-4-g462c640d31 (webtiles) character file.

Game seed: 9334559102700930288

1 Anxiouscannon97 the Trooper (level 1, 0/18 HPs)
             Began as a Demonspawn Berserker on Sept 11, 2023.
             Was a Follower of Trog.
             Slain by a ball python (2 damage)
             ... on level 1 of the Dungeon.
             The game lasted 00:00:42 (28 turns).

Anxiouscannon97 the Trooper (Demonspawn Berserker)    Turns: 28, Time: 00:00:42

Health: 0/18       AC:  2    Str: 17    XL:     1   Next: 16%
Magic:  1/1        EV:  9    Int:  8    God:    Trog [*.....]
Gold:   0          SH:  0    Dex: 12    Spells: 0/0 levels left

rFire   . . .        a - +0 falchion
rCold   . . .        (no shield)
rNeg    . . .        b - +0 animal skin
rPois   .            (no helmet)
rElec   .            (no cloak)
rCorr   .            (no gloves)
SInv    .            (no boots)
Will    .....        (no amulet)
Stlth   +            (no ring)
HPRegen 0.23/turn    (no ring)
MPRegen 0.07/turn

%: no passive effects
@: constricted, very slow
A: no striking features
a: Renounce Religion, Berserk


You were on level 1 of the Dungeon.
You worshipped Trog.
Trog was aware of your devotion.
You visited 1 branch of the dungeon, and saw 1 of its levels.

Inventory:

Hand Weapons
 a - a +0 falchion (weapon)
Armour
 b - a +0 animal skin (worn)


   Skills:
 + Level 3.0 Fighting
 + Level 2.7 Long Blades
 + Level 1.7 Armour
 + Level 1.7 Dodging


You couldn't memorise any spells.
You didn't know any spells.
Your spell library was empty.

Dungeon Overview and Level Annotations

Branches:
Dungeon (1/15)

Altars:


Message History

You kill the hobgoblin!
Trog accepts your kill. The ball python closely misses you.
The ball python misses you.
You barely miss the goblin. The goblin hits you but does no damage.
The ball python bites you. The ball python grabs you.
The ball python constricts you. The ball python barely misses you.
You barely miss the goblin. The goblin hits you but does no damage.
The ball python bites you. The ball python constricts you.
The ball python bites you but does no damage.
The goblin hits you with a +0 dagger.
You escape the ball python's grasp.
The goblin attacks as you move away! The goblin barely misses you.
The ball python bites you. The ball python closely misses you.
The ball python attacks as you move away!
The ball python misses you.
You see here 4 gold pieces.
The ball python barely misses you. The ball python grabs you.
The ball python constricts you.
The ball python's grasp on you weakens, but your attempt to escape fails.
The ball python closely misses you. The ball python constricts you.
You escape the ball python's grasp.
The ball python attacks as you move away!
The ball python bites you.
You enter the shallow water.
Moving in this stuff is going to be slow.
The ball python bites you. The ball python grabs you.
The ball python constricts you.
Your unstable footing causes you to fumble your attack.
The ball python bites you. The ball python constricts you.
The ball python barely misses you. The ball python bites you.
* * * LOW HITPOINT WARNING * * *
The ball python constricts you.
You barely miss the ball python. The ball python misses you.
The ball python bites you.
* * * LOW HITPOINT WARNING * * *
The ball python constricts you. The ball python barely misses you.
You barely miss the ball python. The ball python barely misses you.
The ball python constricts you.
* * * LOW HITPOINT WARNING * * *
The ball python bites you.
You die...

## #..# ##
.## #.## ###
####$## ##.
####g### ##.
###B#.####
#.
###K#####...
####g###..#
#<##SS..#
##..~@##∩#
#..###.##
...#####.###
### ###
.#.### ### #
.#### ### #.
### ### .#
.#. ## .. ##


You could see a giant cockroach, a hobgoblin, a goblin, 2 ball pythons and a
kobold.

Vanquished Creatures
  A hobgoblin (D:1)
1 creature vanquished.

Notes
Turn   | Place    | Note
-------+----------+-------------------------------------------
     0 | D:1      | Anxiouscannon97 the Demonspawn Berserker began the quest
                  | for the Orb.
     0 | D:1      | Reached XP level 1. HP: 18/18 MP: 1/1
    28 | D:1      | Slain by a ball python

Illustrated notes

Levels and vault maps discovered:
D:1:      spicycebolla_green_bress_n_ham_2, layout_loops_ring,
          shapermc_ecumenical_altar_venn, minivault_4, minmay_octomino_e4

Action                     || total
---------------------------++-------
  Melee: Falchion          ||     9
 Armour: Animal skin       ||     4
  Dodge: Dodged            ||    16
